 Dungeon Crawl Stone Soup version 0.19-a0-1008-g4c63d25 (webtiles) character file.

203 mrath the Cudgeler (level 5, 0/45 HPs)
             Began as a Minotaur Fighter on July 23, 2016.
             Slain by a mummy (6 damage)
             ... in an ossuary.
             The game lasted 00:11:18 (2676 turns).

mrath the Cudgeler (Minotaur Fighter)               Turns: 2676, Time: 00:11:19

Health: 0/45       AC:  9    Str: 22    XL:     5   Next: 51%
Magic:  4/4        EV:  5    Int:  5    God:
Gold:   197        SH:  9    Dex:  9    Spells: 0 memorised, 4 levels left

rFire  . . .     SeeInvis .     a - +1 flail
rCold  + . .     Gourm    .     B - +0 chain mail
rNeg   . . .     Faith    .     c - +0 shield
rPois  .         Spirit   .     (helmet restricted)
rElec  .         Dismiss  .     (no cloak)
rCorr  .         Reflect  .     (no gloves)
SustAt .         Harm     .     (no boots)
MR     .....                    y - amulet of rage
Stlth  ..........               k - ring of protection from cold
                                (no ring)

@: not resistant to hostile enchantments, extremely unstealthy
A: retaliatory headbutt, horns 2
a: Evoke Berserk Rage


You were in an ossuary.
You were not hungry.

You visited 1 branch of the dungeon, and saw 4 of its levels.
You also visited: Ossuary.

You collected 197 gold pieces.

Inventory:

Hand Weapons
 a - a +1 flail (weapon)
Missiles
 b - 8 poisoned needles
 u - 59 stones (quivered)
Armour
 c - a +0 shield (worn)
 g - a +0 plate armour
 B - a +0 chain mail (worn)
Jewellery
 e - an uncursed ring of fire
 k - a ring of protection from cold (right hand)
 y - an amulet of rage (around neck)
Wands
 w - a wand of random effects (12/48)
Scrolls
 h - a scroll of random uselessness {unknown}
 l - a scroll of enchant weapon
 m - 2 scrolls of identify
 q - a scroll of teleportation
 r - a scroll of immolation {unknown}
 s - 2 scrolls of remove curse {unknown}
 v - a scroll of enchant armour {unknown}
 C - a scroll of fear {unknown}
Potions
 d - 2 potions of might
 i - 3 potions of curing
 n - a potion of invisibility {unknown}
 o - a potion of flight {unknown}
 p - a potion of cure mutation {unknown}
 t - a potion of agility {unknown}
 x - a potion of mutation {unknown}
 D - a potion of brilliance {unknown}
Books
 A - a book of Transfigurations

   Spells                             Type                      Level
   a - Irradiate                      Conjuration/Transmutation    5
   b - Statue Form                    Transmutation/Earth          6
   c - Hydra Form                     Transmutation                6
   d - Dragon Form                    Transmutation                7
Comestibles
 f - 5 bread rations
 j - 17 chunks of flesh
 z - a meat ration


   Skills:
 - Level 3.6 Fighting
 + Level 7.0 Maces & Flails
 - Level 3.6 Armour
 - Level 3.6 Shields


You had 4 spell levels left.
You didn't know any spells.

Dungeon Overview and Level Annotations

Branches:
Dungeon (4/15)
 Temple: D:4-7

Altars:
Gozag
Nemelex Xobeh
Ru


Innate Abilities, Weirdness & Mutations

You reflexively headbutt those who attack you in melee.
You have a pair of horns on your head.


Message History

You throw a stone. The stone hits the gnoll zombie.
You hit the gnoll zombie.
The gnoll zombie hits you but does no damage.
Your chain mail prevents you from hitting the gnoll zombie.
You block the gnoll zombie's attack.
You sock the gnoll zombie!
You destroy the gnoll zombie!
You block the orc zombie's attack. The hobgoblin zombie hits you.
* * * LOW HITPOINT WARNING * * *
You hit the orc zombie. Your headbutt misses the orc zombie.
The orc zombie hits you but does no damage.
The hobgoblin zombie hits you.
* * * LOW HITPOINT WARNING * * *
The mummy barely misses you.
You sock the mummy! Your headbutt misses the mummy.
The mummy is heavily damaged.
You block the orc zombie's attack. The hobgoblin zombie hits you.
* * * LOW HITPOINT WARNING * * *
The mummy hits you.
You die...

#....#
#....#
#....#
#....#
#.M..#
#.M..#
#.Z..#


#ZMZZ# #.@M.# ###### You could see 4 mummies, a hobgoblin zombie, a kobold
zombie and 2 orc zombies.

Vanquished Creatures
  An orc wizard (D:4)
  Robin (D:4)
  6 adders
  An ooze (D:2)
  A worm (D:2)
  2 dart slugs
  A giant gecko (D:1)
  9 orcs
  A ball python (D:1)
  2 giant cockroaches
  15 goblins
  14 hobgoblins
  12 kobolds
  2 quokkas
  7 bats
  4 giant newts (D:1)
  A gnoll zombie (Ossuary)
  A goblin zombie (D:4)
  2 hobgoblin zombies (Ossuary)
  A kobold zombie (Ossuary)
  A quokka zombie (D:4)
  7 rats
92 creatures vanquished.

Notes
Turn   | Place    | Note
-------+----------+-------------------------------------------
     0 | D:1      | mrath the Minotaur Fighter began the quest for the Orb.
     0 | D:1      | Reached XP level 1. HP: 19/19 MP: 0/0
    69 | D:1      | Reached skill level 3 in Maces & Flails
    73 | D:1      | Reached XP level 2. HP: 25/26 MP: 1/1
   429 | D:1      | Found a sparkling altar of Nemelex Xobeh.
   547 | D:1      | Reached skill level 4 in Maces & Flails
   792 | D:1      | Reached XP level 3. HP: 31/31 MP: 2/2
  1152 | D:2      | Reached skill level 5 in Maces & Flails
  1278 | D:2      | Reached XP level 4. HP: 39/39 MP: 3/3
  1650 | D:3      | Found an opulent altar of Gozag.
  2025 | D:3      | Found a sacrificial altar of Ru.
  2150 | D:3      | Reached skill level 6 in Maces & Flails
  2437 | D:4      | Noticed Robin
  2437 | D:4      | Reached XP level 5. HP: 45/45 MP: 4/4
  2468 | D:4      | Killed Robin
  2488 | D:4      | Reached skill level 7 in Maces & Flails
  2544 | D:4      | Found a sand-covered staircase.
  2645 | Ossuary  | Entered an ossuary
  2676 | Ossuary  | Slain by a mummy

Vault maps used:
D:1:      lemuel_arrival_cross, hangedman_abyss_or_decor_stabs,
          nemelex_diamond_rough_becter
D:2:      wad_lake_hut, first_bread
D:3:      lemuel_crystal_altar, serial_bayou_pond_e,
          nicolae_ru_sacrificial_ziggurat
D:4:      enter_ossuary_4, gup_sewer_entry_spiral, uniq_robin
Ossuary:  ossuary_tomb_3

Skill      XL: |  1  2  3  4  5 |
---------------+----------------+-----
Maces & Flails | 3 4 5 6 7 |  7.0
Fighting       | |  3.6
Armour         | |  3.6
Shields        | |  3.6

Action                   |  1- 3 |  4- 6 || total
-------------------------+-------+-------++-------
Melee: Flail             |   108 |   114 ||   222
       Headbutt          |    16 |    21 ||    37
Throw: Stone             |       |     1 ||     1
  Use: Scroll            |       |     4 ||     4
  Eat: Chunk             |     1 |     5 ||     6
Armor: Scale mail        |    48 |    12 ||    60
       Chain mail        |       |    67 ||    67
Dodge: Dodged            |    25 |    34 ||    59
Block: Shield            |    64 |    62 ||   126
